 Dungeon Crawl Stone Soup version 0.18-a0-1292-ge8ad84c (webtiles) character file.

210747 Gorice the Severer (level 19, 0/152 HPs)
             Began as a Human Wanderer on Feb 9, 2016.
             Was a High Priest of Okawaru.
             Killed from afar by a deep elf mage (26 damage)
             ... with a bolt of lightning
             ... led by an ironheart preserver
             ... on level 1 of the Vaults.
             The game lasted 05:19:17 (64726 turns).

Gorice the Severer (Human Wanderer)                Turns: 64726, Time: 05:19:17

Health: 0/152      AC: 33    Str: 21    XL:     19   Next: 58%
Magic:  9/29       EV: 12    Int: 11    God:    Okawaru [*****.]
Gold:   622        SH:  0    Dex: 14    Spells: 0 memorised, 20 levels left

rFire  + . .     SeeInvis +     a - +0 battleaxe (venom)
rCold  . . .     Gourm    .     b - +3 plate armour {rF+}
rNeg   + + .     Faith    .     (shield currently unavailable)
rPois  .         Spirit   .     m - +2 helmet {SInv}
rElec  .         Dismiss  +     k - +2 cloak
rCorr  +         Reflect  .     d - +1 pair of gloves of the Invisible Hand {rN++ Slay+4 Stlth-}
SustAt .         Harm     .     V - +2 pair of boots {Fly}
MR     ++...                    O - amulet of dismissal
Stlth  ..........               r - ring of resist corrosion
                                P - ring of protection from magic

@: flying, very resistant to hostile enchantments, extremely unstealthy
A: high mp 1
a: Heroism, Finesse, Renounce Religion, Stop Flying
}: 1/15 runes: gossamer


You were on level 1 of the Vaults.
You worshipped Okawaru.
Okawaru was extremely pleased with you.
You were not hungry.

You visited 7 branches of the dungeon, and saw 33 of its levels.
You visited 1 bazaar.
You also visited: Labyrinth.

You collected 3010 gold pieces.
You spent 2388 gold pieces at shops.

Inventory:

Hand Weapons
 a - a +0 battleaxe of venom (weapon)
   (Okawaru gifted it to you on level 5 of the Lair of Beasts)
 B - a +0 blowgun
Missiles
 j - 9 javelins (quivered)
 F - 10 curare-tipped needles
 K - 7 poisoned javelins
 Y - 3 throwing nets
Armour
 b - a +3 plate armour of fire resistance (worn)
   (You took it off Wiglaf on level 2 of the Spider Nest)
 d - the +1 pair of gloves of the Invisible Hand (worn) {rN++ Slay+4 Stlth-}
   (Okawaru gifted it to you on level 14 of the Dungeon)

   It affects your accuracy and damage with ranged weapons and melee attacks
   (+4).
   It greatly protects you from negative energy.
   It makes you less stealthy.
 k - a +2 cloak (worn)
 m - a +2 helmet of see invisible (worn)
   (You bought it in a shop in a bazaar)
 V - a +2 pair of boots of flying (worn)
   (You bought it in a shop on level 1 of the Orcish Mines)
Rods
 o - a +2 rod of shadows (14/14) {!a}
   (You found it on level 10 of the Dungeon)
 W - a +4 rod of ignition (12/12) {!a}
   (You found it in a labyrinth)
Jewellery
 l - an uncursed ring of sustain attributes
 r - a ring of resist corrosion (right hand)
 t - an uncursed ring of protection from magic
 A - an uncursed ring of protection from fire
 O - an amulet of dismissal (around neck)
 P - a ring of protection from magic (left hand)
Wands
 f - a wand of disintegration (19/24)
 w - a wand of paralysis (16/24)
 C - a wand of digging (4/24)
 D - a wand of acid (5/15)
 E - a wand of iceblast (3/15)
Scrolls
 e - 2 scrolls of recharging
 h - a scroll of enchant weapon
 n - 7 scrolls of remove curse
 s - a scroll of teleportation {!r}
 y - 5 scrolls of blinking
 G - a scroll of fog
 L - 8 scrolls of identify
 N - 5 scrolls of magic mapping {!r}
 Z - a scroll of fear {!r}
Potions
 u - 3 potions of haste {!q}
 v - 4 potions of cancellation {!q}
 z - 11 potions of curing
 H - 6 potions of agility {!q}
 I - 2 potions of berserk rage
 J - 3 potions of might {!q}
 Q - 9 potions of ambrosia {!q}
 S - a potion of resistance {!q}
Miscellaneous
 i - a box of beasts
 q - a sack of spiders
Comestibles
 c - 10 meat rations {!e}
 g - 6 chunks of flesh
 p - 14 fruits


   Skills:
 + Level 14.0 Fighting
 - Level 20.0 Axes
 + Level 15.5 Armour
 - Level 10.0 Dodging
   Level 2.0 Shields
 - Level 1.0 Spellcasting
   Level 2.0 Transmutations
 - Level 8.0 Invocations
 - Level 10.0 Evocations


You had 20 spell levels left.
You didn't know any spells.

Dungeon Overview and Level Annotations

Branches:
Dungeon (15/15)            Temple (1/1) D:6            Lair (8/8) D:9
 Shoals (2/4) Lair:3       Spider (4/4) Lair:6        Slime (0/6) Lair:8
    Orc (2/2) D:11            Elf (0/3) Orc:2        Vaults (1/5) D:14
 Depths (0/5) D:15

Altars:
Ashenzari
Cheibriados
Dithmenos
Elyvilon
Fedhas
Gozag
Kikubaaqudgha
Makhleb
Nemelex Xobeh
Okawaru
Pakellas
Qazlal
Ru
Sif Muna
Trog
Vehumet
Xom
Yredelemnul
Zin
The Shining One

Shops:
D:9 (   D:10 !   D:14 *[=*(   Orc:1 [   Orc:2 *?((   Vaults:1 =

Portals:
Trove: D:12 (give +6 demon whip)

Annotations:
Shoals:2 Nikola, Polyphemus


Innate Abilities, Weirdness & Mutations

You have an increased reservoir of magic (+10% MP).


Message History

The vault warden is heavily wounded.
The vault warden hits you but does no damage.
You slice the vault warden!!
The vault warden is severely wounded.
You slash the vault warden!
The vault warden is almost dead.
You feel like a meek peon again.
The vault warden hits you with an antimagic great sword.
* * * LOW HITPOINT WARNING * * *
You feel your power leaking away.
Damage: 6 (max 30)
You slice the vault warden!!
You kill the vault warden!
Okawaru accepts your kill.
The runic seal fades away.
Your Fighting skill increases to level 14!
Your plate armour prevents you from hitting the deep elf mage.
The deep elf mage is lightly wounded.
You barely miss the deep elf mage.
The deep elf mage is lightly wounded.
The deep elf mage casts a spell.
The deep elf mage blinks!
The deep elf mage hits you with a long sword.
* * * LOW HITPOINT WARNING * * *
Your amulet of dismissal vibrates suddenly!
The deep elf mage disappears!
The deep elf archer unwields an uncursed dagger.
The deep elf archer wields a runed shortbow.
The deep elf archer shoots an arrow.
The arrow barely misses you.
Damage: 4 (max 30)
There is an open door, spattered with blood here.
Items here: (( ))) [ †† You closely miss the deep elf archer.
The deep elf archer shoots an arrow.
The arrow hits you!
* * * LOW HITPOINT WARNING * * *
Damage: 11 (max 30)
You hit the deep elf archer.
The deep elf archer is lightly wounded.
The deep elf archer blinks!
Items here: ( ))) [[ †† The deep elf mage points at you and mumbles some strange words.
The bolt of lightning hits you!
* * * LOW HITPOINT WARNING * * *
Damage: 1 (max 1)
Items here: ( )) [ an uncursed short sword; an uncursed longbow; a leather armour; an arrow You see here an arrow.
The deep elf mage gestures at you while chanting.
The bolt of lightning hits you!
You die...

.................e..
...........[........
#.........#e#########
#.........#().......#
#.........#.........#
#......)..#.(.......#
#.........#....)....#
#.........#..[.(....#
#.........#...(@[...#
#.........#(...∩....#
#.........#.........#
#.........#.........#
#........(#.........#
#.....p...###########
#...#'#..(..........
#...+∩+.............
#...#'#.............


You could see a deep elf mage.

Vanquished Creatures
  Rupert (Lair:7)
  A tengu reaver (D:14)
  Frances (Shoals:1)
  Kirke (Lair:8)
  Agnes (D:14)
  2 vault wardens (Vaults:1)
  Wiglaf (Spider:2)
  3 ghost moths (Spider:4)
  6 emperor scorpions (Spider:4)
  2 ironheart preservers (Vaults:1)
  Azrael (Orc:2)
  Nessos (Orc:2)
  2 spark wasps
  8 vault guards
  A yaktaur captain (Vaults:1)
  Snorg (D:13)
  A merfolk impaler (Shoals:1)
  A minotaur (Lab)
  4 ogre magi
  4 entropy weavers
  A rakshasa (D:15)
  9 hydras
  A catoblepas (D:15)
  6 centaur warriors
  3 deep troll earth magi
  A queen ant (Lair:8)
  Urug (D:13)
  3 death yaks (Shoals:2)
  2 fire crabs (Lair:7)
  4 sea snakes (Shoals:1)
  A giant orange brain (D:8)
  2 unseen horrors
  4 hill giants
  2 deep elf archers (Vaults:1)
  An orc knight (Orc:2)
  25 orb spiders
  37 wolf spiders
  5 griffons
  6 cyclopes
  4 hornets
  The ghost of ololoev the Cleaver, a novice DsFi of Okawaru (D:6)
  8 deep elf magi
  A faun (Shoals:2)
  A moth of wrath (Spider:1)
  3 manticores
  11 ugly things
  2 sirens
  A water nymph (Shoals:1)
  2 torpor snails
  12 elephants
  A black mamba (shapeshifter) (D:15)
  11 black mambas
  An eye of devastation (shapeshifter) (D:13)
  20 spiny frogs
  Maurice (D:9)
  2 kobold demonologists
  A gargoyle (D:14)
  A yaktaur (shapeshifter) (D:15)
  A redback zombie (D:14)
  12 komodo dragons
  A freezing wraith (D:15)
  15 demonic crawlers
  9 merfolk
  41 jumping spiders
  4 giant leeches
  A troll (Orc:1)
  A tengu conjurer (D:8)
  4 wind drakes (Shoals:1)
  18 two-headed ogres
  A polar bear (Lair:6)
  A boulder beetle (Lair:7)
  20 blink frogs
  14 slime creatures
  4 snapping turtles
  67 redbacks
  A water elemental (Shoals:1)
  2 wraiths (Vaults:1)
  41 tarantellas
  2 vampires (D:15)
  3 wyverns
  53 yaks
  14 hippogriffs
  A golden eye (shapeshifter) (D:15)
  2 steam dragons
  5 hogs
  6 basilisks
  2 fire elementals (Orc:2)
  2 hungry ghosts
  8 vampire mosquitoes
  16 wolves
  2 basilisks (shapeshifter) (D:15)
  Menkaure (D:4)
  A mottled dragon (D:8)
  8 soldier ants
  A warg (Orc:1)
  16 porcupines
  11 water moccasins
  2 hell hounds (Orc:2)
  17 orc warriors
  An ice beast (D:7)
  3 necrophages
  2 black bears
  7 wasps
  40 ogres
  8 sky beasts
  3 phantoms
  An eye of draining (D:12)
  5 boggarts (D:15)
  19 centaurs
  17 crocodiles
  35 giant frogs
  A gnoll sergeant (Orc:1)
  2 wyvern skeletons
  A water moccasin zombie (D:5)
  13 killer bees
  6 scorpions
  9 wights
  9 jellies
  7 electric eels
  11 crimson imps
  2 lava snakes (D:13)
  A wasp zombie (D:13)
  6 centaur zombies
  A quasit (D:5)
  8 giant frog zombies
  6 hounds
  24 orc priests
  A gnoll shaman (D:10)
  3 giant frog skeletons
  6 centaur skeletons
  3 iguanas
  30 orc wizards
  30 worker ants
  3 killer bee zombies
  21 sheep
  3 hound zombies (D:6)
  3 hound skeletons
  A worker ant zombie (D:6)
  16 adders
  54 river rats
  12 gnolls
  3 shadow imps
  12 white imps
  6 adder zombies
  3 oozes (D:1)
  2 adder skeletons
  2 worms (D:2)
  6 giant geckos
  91 orcs
  A ball python (D:2)
  21 bats
  6 giant cockroaches
  8 hobgoblins
  9 jackals
  9 kobolds
  4 quokkas
  2 giant cockroach zombies (D:6)
  2 giant gecko skeletons (D:6)
  8 giant newts
  8 goblins
  A jackal skeleton (D:6)
  A jackal zombie (D:8)
  A quokka skeleton (D:4)
  A quokka zombie (D:8)
  7 rats
  9 fungi
  7 plants
  4 tentacles (Shoals:1)
1340 creatures vanquished.

Vanquished Creatures (collateral kills)
  An ugly thing (D:15)
  A jumping spider (Spider:2)
  A tarantella (Spider:2)
3 creatures vanquished.

Vanquished Creatures (others)
  Erolcha (D:9)
  An ogre mage (Vaults:1)
  A shadow wraith (Vaults:1)
  A killer bee (D:13)
  An orc (D:8)
  11 bushes
  45 fungi
  18 plants
  19 tentacles (Shoals:1)
  702 tentacle segments (Shoals:1)
800 creatures vanquished.

Grand Total: 2143 creatures vanquished

Notes
Turn   | Place    | Note
--------------------------------------------------------------
     0 | D:1      | Gorice the Human Wanderer began the quest for the Orb.
     0 | D:1      | Gorice set off with: a +2 hand axe, a potion of curing, the Handbook of Changing, a +0 robe, a bread ration {!e}
     0 | D:1      | Reached XP level 1. HP: 18/18 MP: 2/2
     0 | D:1      | Identified the Handbook of Changing
    80 | D:1      | Reached XP level 2. HP: 18/24 MP: 3/3
   491 | D:1      | --75% of the way to lvl 3 before leaving the entry vault!
   505 | D:1      | Reached skill level 3 in Axes
   505 | D:1      | Reached XP level 3. HP: 19/29 MP: 4/4
  1570 | D:2      | Found a snail-covered altar of Cheibriados.
  1618 | D:2      | Reached XP level 4. HP: 30/35 MP: 5/5
  1759 | D:2      | Found a sparkling altar of Nemelex Xobeh.
  1784 | D:2      | Found an iron altar of Okawaru.
  1801 | D:2      | Reached skill level 1 in Armour
  1808 | D:2      | Became a worshipper of Warmaster Okawaru
  2515 | D:3      | Reached skill level 4 in Axes
  2515 | D:3      | Reached XP level 5. HP: 30/41 MP: 6/6
  2960 | D:3      | Found a white marble altar of Elyvilon.
  2971 | D:3      | Found a shadowy altar of Dithmenos.
  2980 | D:3      | Found a sacrificial altar of Ru.
  2989 | D:3      | Found a shattered altar of Ashenzari.
  3136 | D:3      | Noticed a sky beast
  3148 | D:3      | Killed a sky beast
  3148 | D:3      | Reached skill level 4 in Fighting
  3148 | D:3      | Reached skill level 2 in Armour
  3148 | D:3      | Reached XP level 6. HP: 37/48 MP: 7/7
  3677 | D:4      | Found an oddly glowing altar of Pakellas.
  3680 | D:4      | Noticed Menkaure
  3688 | D:4      | Killed Menkaure
  3688 | D:4      | Reached skill level 5 in Axes
  3688 | D:4      | Reached XP level 7. HP: 17/55 MP: 8/8
  3981 | D:4      | Reached * piety under Okawaru
  3981 | D:4      | Reached skill level 3 in Armour
  4182 | D:4      | HP: 16/55 [poisoned by an orc]
  4187 | D:4      | HP: 13/55 [poisoned by an orc]
  4192 | D:4      | HP: 10/55 [poisoned by an orc]
  4197 | D:4      | HP: 9/55 [poisoned by an orc]
  4202 | D:4      | HP: 8/55 [poisoned by an orc]
  4210 | D:4      | HP: 7/55 [poisoned by an orc]
  4838 | D:4      | Reached skill level 6 in Axes
  5001 | D:4      | Reached skill level 5 in Fighting
  5001 | D:4      | Reached XP level 8. HP: 59/62 MP: 9/9
  5415 | D:5      | Entered Level 5 of the Dungeon
  5728 | D:5      | Reached skill level 4 in Armour
  5730 | D:5      | Found a deep blue altar of Sif Muna.
  6012 | D:5      | Reached skill level 7 in Axes
  6656 | D:6      | Reached ** piety under Okawaru
  6704 | D:6      | Found a bloodstained altar of Trog.
  6770 | D:6      | Reached XP level 9. HP: 63/69 MP: 10/10
  6775 | D:6      | Reached skill level 8 in Axes
  6929 | D:6      | Reached skill level 5 in Armour
  6970 | D:6      | Reached skill level 6 in Fighting
  7017 | D:6      | Found a staircase to the Ecumenical Temple.
  7024 | D:6      | Noticed ololoev's ghost (novice DsFi)
  7063 | D:6      | Killed ololoev's ghost
  7186 | Temple   | Entered the Ecumenical Temple
  7310 | D:6      | Reached skill level 9 in Axes
  7320 | D:6      | Reached *** piety under Okawaru
  7535 | D:6      | Reached skill level 6 in Armour
  7569 | D:6      | Found a shimmering altar of Xom.
  7971 | D:7      | Reached skill level 7 in Fighting
  8252 | D:7      | Reached XP level 10. HP: 55/79 MP: 11/11
  8608 | D:7      | Reached **** piety under Okawaru
  8650 | D:7      | Paralysed by fainting for 7 turns
  8841 | D:7      | HP: 23/79 [poisoned by a water moccasin]
  9190 | D:7      | Reached skill level 10 in Axes
 10015 | D:8      | Reached skill level 7 in Armour
 10669 | D:8      | Reached skill level 8 in Fighting
 11168 | D:8      | Noticed a deep elf mage
 11169 | D:8      | Noticed a giant orange brain
 11186 | D:8      | Killed a deep elf mage
 11186 | D:8      | Reached skill level 11 in Axes
 11188 | D:8      | Noticed a deep elf mage
 11200 | D:8      | Reached XP level 11. HP: 35/87 MP: 12/12
 11327 | D:7      | Reached ***** piety under Okawaru
 11506 | D:8      | HP: 16/87 [deep elf mage/bolt of cold (31)]
 11873 | D:8      | Killed a giant orange brain
 11896 | D:8      | Killed a deep elf mage
 11896 | D:8      | Reached skill level 8 in Armour
 12350 | D:9      | Found Godadaz's Weapon Boutique.
 12449 | D:9      | Found a staircase to the Lair.
 12461 | D:9      | Reached skill level 9 in Fighting
 12461 | D:9      | Reached skill level 12 in Axes
 13104 | D:9      | Received a gift from Okawaru
 13151 | D:9      | Noticed Maurice
 13193 | D:9      | Found a blossoming altar of Fedhas.
 13444 | D:9      | Noticed Erolcha
 13456 | D:9      | Killed Erolcha
 13548 | D:9      | Found a basalt altar of Yredelemnul.
 13550 | D:9      | Killed Maurice
 13979 | Lair:1   | Entered Level 1 of the Lair of Beasts
 14181 | Lair:1   | Noticed an eight-headed hydra
 14217 | Lair:1   | Reached skill level 9 in Armour
 14466 | Lair:1   | Found a white marble altar of Elyvilon.
 14568 | Lair:1   | Reached XP level 12. HP: 87/96 MP: 13/13
 14939 | Lair:2   | HP: 29/97 [poisoned by a spiny frog]
 14944 | Lair:1   | HP: 19/97 [poisoned by a spiny frog]
 14949 | Lair:1   | HP: 13/97 [poisoned by a spiny frog]
 14954 | Lair:1   | HP: 10/97 [poisoned by a spiny frog]
 14959 | Lair:1   | HP: 7/97 [poisoned by a spiny frog]
 14965 | Lair:1   | HP: 5/97 [poisoned by a spiny frog]
 14971 | Lair:1   | HP: 5/97 [poisoned by a spiny frog]
 14979 | Lair:1   | HP: 5/97 [poisoned by a spiny frog]
 15380 | Lair:2   | Found an iron altar of Okawaru.
 15390 | Lair:2   | Reached skill level 13 in Axes
 16267 | Lair:3   | Reached skill level 10 in Fighting
 16280 | Lair:3   | Received a gift from Okawaru
 16495 | Lair:3   | Received a gift from Okawaru
 17475 | Lair:3   | Reached skill level 14 in Axes
 17533 | Lair:3   | Reached skill level 10 in Armour
 17815 | Lair:3   | Found a staircase to the Shoals.
 18347 | Lair:4   | Noticed an eight-headed hydra
 18350 | Lair:3   | HP: 19/97 [spiny frog (14)]
 18355 | Lair:3   | HP: 33/145 [spiny frog (13)]
 18362 | Lair:3   | HP: 29/145 [spiny frog (6)]
 18736 | Lair:4   | HP: 26/97 [komodo dragon (16)]
 18741 | Lair:4   | Reached XP level 13. HP: 35/103 MP: 11/14
 18765 | Lair:4   | Noticed a six-headed hydra
 18784 | Lair:4   | Found a labyrinth entrance.
 18793 | Lab      | Entered a labyrinth
 19064 | Lab      | Noticed a minotaur
 19072 | Lab      | Killed a minotaur
 19072 | Lab      | Received a gift from Okawaru
 19107 | Lab      | Identified a +4 rod of ignition (12/12) (You found it in a labyrinth)
 19160 | Lair:3   | HP: 28/103 [spiny frog (5)]
 19903 | D:9      | Reached skill level 15 in Axes
 20133 | Lair:4   | Noticed a seven-headed hydra
 20142 | Lair:4   | Killed a seven-headed hydra
 20147 | Lair:4   | HP: 26/103 [six-headed hydra (8)]
 20151 | Lair:4   | HP: 12/103 [six-headed hydra (6)]
 20155 | Lair:4   | Killed a six-headed hydra
 20155 | Lair:4   | Reached skill level 11 in Armour
 20380 | Lair:3   | Killed an eight-headed hydra
 20570 | Lair:4   | Noticed a four-headed hydra
 20601 | Lair:3   | Killed a four-headed hydra
 22073 | Lair:5   | Reached skill level 16 in Axes
 22098 | Lair:5   | Identified the Catalogue of Flying Confrontation
 22319 | Lair:5   | Found a frozen archway.
 22436 | Lair:5   | Got a heavily runed scale mail
 22447 | Lair:5   | Identified the cursed +0 scale mail "Emusch" {+Fly rN+ Regen+ Str-2} (You found it on level 5 of the Lair of Beasts)
 22472 | Lair:5   | Noticed a five-headed hydra
 22484 | Lair:5   | Killed a five-headed hydra
 22484 | Lair:5   | Received a gift from Okawaru
 22864 | Lair:2   | Killed an eight-headed hydra
 23427 | Lair:5   | HP: 25/103 [redback (6)]
 23432 | Lair:5   | Reached XP level 14. HP: 39/110 MP: 12/15
 23434 | Lair:5   | HP: 32/110 [poisoned by a redback]
 23439 | Lair:5   | HP: 22/110 [poisoned by a redback]
 23444 | Lair:5   | HP: 15/110 [poisoned by a redback]
 23449 | Lair:5   | HP: 11/110 [poisoned by a redback]
 23454 | Lair:5   | HP: 7/110 [poisoned by a redback]
 23460 | Lair:5   | HP: 6/110 [poisoned by a redback]
 23465 | Lair:5   | HP: 5/110 [poisoned by a redback]
 23472 | Lair:5   | HP: 5/110 [poisoned by a redback]
 23480 | Lair:5   | HP: 6/110 [poisoned by a redback]
 24244 | Lair:6   | Found a hole to the Spider Nest.
 24281 | Lair:6   | Reached skill level 12 in Armour
 25015 | Lair:7   | Reached skill level 1 in Invocations
 25042 | Lair:7   | Noticed Rupert
 25057 | Lair:7   | Killed Rupert
 25057 | Lair:7   | Reached skill level 17 in Axes
 25057 | Lair:7   | Reached skill level 2 in Invocations
 25127 | Lair:7   | HP: 31/110 [poisoned by a spiny frog]
 25789 | Lair:7   | Reached skill level 3 in Invocations
 26387 | Lair:1   | Identified a scroll of acquirement
 26590 | Lair:8   | Entered Level 8 of the Lair of Beasts
 26769 | Lair:8   | Noticed Kirke
 26781 | Lair:8   | Reached skill level 4 in Invocations
 26789 | Lair:8   | Killed Kirke
 26789 | Lair:8   | Received a gift from Okawaru
 26811 | Lair:7   | HP: 29/110 [giant leech (14)]
 27990 | Lair:8   | Reached skill level 5 in Invocations
 28850 | Lair:8   | Found a staircase to the Slime Pits.
 28901 | Lair:8   | Reached skill level 18 in Axes
 29082 | Lair:8   | HP: 31/110 [giant leech (9)]
 29567 | Lair:8   | Reached XP level 15. HP: 115/115 MP: 19/19
 29657 | Lair:7   | Reached skill level 6 in Invocations
 30177 | Lair:7   | HP: 34/115 [poisoned by a black mamba]
 30184 | Lair:7   | HP: 34/115 [poisoned by a black mamba]
 30192 | Lair:7   | HP: 34/115 [poisoned by a black mamba]
 30961 | Lair:8   | Reached skill level 7 in Invocations
 30991 | Lair:8   | Received a gift from Okawaru
 32005 | D:10     | Entered Level 10 of the Dungeon
 32084 | D:10     | Reached skill level 8 in Invocations
 32213 | D:10     | Identified a +2 rod of shadows (14/14) (You found it on level 10 of the Dungeon)
 32334 | D:10     | Reached skill level 1 in Dodging
 32801 | D:10     | Received a gift from Okawaru
 32801 | D:10     | Reached skill level 19 in Axes
 32818 | D:10     | Found Ehinacuz's Distillery.
 32860 | D:10     | Bought a potion of resistance for 160 gold pieces
 32860 | D:10     | Bought a potion of resistance for 160 gold pieces
 32860 | D:10     | Bought a potion of curing for 48 gold pieces
 32860 | D:10     | Bought a potion of curing for 48 gold pieces
 33475 | D:11     | Found a staircase to the Orcish Mines.
 33637 | D:11     | Reached skill level 2 in Dodging
 34507 | Orc:1    | Entered Level 1 of the Orcish Mines
 35152 | Orc:2    | Entered Level 2 of the Orcish Mines
 35155 | Orc:2    | Noticed Nessos
 35301 | Orc:2    | HP: 31/115 [two-headed ogre/giant spiked club (17)]
 35843 | Orc:1    | Received a gift from Okawaru
 35843 | Orc:1    | Reached skill level 3 in Dodging
 35878 | Orc:2    | Paralysed by an ogre mage for 4 turns
 36138 | Orc:1    | HP: 30/115 [ogre/giant club (14)]
 36777 | Orc:1    | Reached skill level 4 in Dodging
 36838 | Orc:2    | Reached XP level 16. HP: 106/122 MP: 22/22
 36935 | Orc:2    | Found Dacut's Assorted Antiques.
 36935 | Orc:2    | Found Yrarphoad's Magic Scroll Boutique.
 36936 | Orc:2    | Found Hezifo's Weapon Boutique.
 36936 | Orc:2    | Found Qiyckess's Antique Weapon Emporium.
 36947 | Orc:2    | Bought a scroll labeled GIEKHO MURRYX for 34 gold pieces
 36948 | Orc:2    | Bought a scroll of teleportation for 30 gold pieces
 36948 | Orc:2    | Bought a scroll of holy word for 75 gold pieces
 36948 | Orc:2    | Bought a scroll of teleportation for 30 gold pieces
 37012 | Orc:2    | Noticed Azrael
 37067 | Orc:2    | HP: 35/122 [fire elemental[Azrael] (4)]
 37078 | Orc:2    | HP: 27/122 [Azrael/sticky flame (3)]
 37444 | Orc:2    | Killed Azrael
 37560 | Orc:2    | Killed Nessos
 37723 | Orc:2    | Found a staircase to the Elven Halls.
 37930 | Orc:2    | HP: 30/122 [orc warrior/flail[an orc knight] (10)]
 37934 | Orc:2    | HP: 8/122 [orc knight/great sword (9)]
 38333 | Orc:1    | Found Leclixke's Antique Armour Shoppe.
 38463 | Orc:1    | Bought a pair of runed gloves for 139 gold pieces
 38463 | Orc:1    | Bought a glowing plate armour for 713 gold pieces
 38463 | Orc:1    | Bought a pair of runed boots for 139 gold pieces
 39088 | D:12     | Found a portal to a secret trove of treasure.
 39344 | D:12     | Reached skill level 5 in Dodging
 40888 | D:13     | Reached skill level 20 in Axes
 40920 | D:13     | Noticed Urug
 41176 | D:13     | Killed Urug
 41196 | D:13     | Reached skill level 6 in Dodging
 41274 | D:13     | Reached skill level 1 in Evocations
 41475 | D:13     | Noticed Snorg
 41495 | D:13     | HP: 36/122 [Snorg (16)]
 42005 | D:13     | Killed Snorg
 42005 | D:13     | Reached skill level 2 in Evocations
 42567 | D:14     | Found Ufimuk's General Store.
 42605 | D:14     | Identified a +0 rod of ignition (9/9) (You found it on level 14 of the Dungeon)
 42637 | D:14     | Found Rometas's Antique Weapon Emporium.
 42666 | D:14     | Reached skill level 3 in Evocations
 42713 | D:14     | Noticed a tengu reaver
 43010 | D:13     | Reached skill level 7 in Dodging
 43193 | D:14     | Reached skill level 4 in Evocations
 43385 | D:14     | Found a gate to the Vaults.
 43406 | D:14     | Found Zios's Antique Armour Shop.
 43412 | D:14     | Noticed Agnes
 43424 | D:14     | Received a gift from Okawaru
 43431 | D:14     | Killed Agnes
 43441 | D:14     | Got a pair of twisted gloves {god gift}
 43446 | D:14     | Found Ponn's Assorted Antiques.
 43604 | D:14     | Identified the +1 pair of gloves of the Invisible Hand {rN++ Slay+4 Stlth-} (Okawaru gifted it to you on level 14 of the Dungeon)
 43658 | D:14     | Reached skill level 8 in Dodging
 43658 | D:14     | Reached skill level 5 in Evocations
 43853 | D:14     | Found Huqehid's Jewellery Shop.
 44805 | D:14     | HP: 35/122 [tengu reaver/great sword of holy wrath (8)]
 44808 | D:14     | Killed a tengu reaver
 44808 | D:14     | Reached XP level 17. HP: 37/128 MP: 23/23
 45436 | D:15     | Entered Level 15 of the Dungeon
 45479 | D:15     | Reached skill level 6 in Evocations
 45569 | D:15     | Found a flickering gateway to a bazaar.
 45585 | Bazaar   | Entered a bazaar
 45585 | Bazaar   | Found Visah's Jewellery Boutique.
 45591 | Bazaar   | Found Roerphu's Antique Armour Emporium.
 45607 | Bazaar   | Found Qaqaruni's Assorted Antiques.
 45611 | Bazaar   | Found Ughuawyw's Antique Armour Shoppe.
 45620 | Bazaar   | Found Fuommigi's Armour Emporium.
 45634 | Bazaar   | Bought a glowing helmet for 72 gold pieces
 45661 | Bazaar   | Bought a glowing cloak for 99 gold pieces
 45677 | Bazaar   | Bought a pair of faintly humming gloves for 209 gold pieces
 45688 | Bazaar   | Identified the -1 pair of gloves of Beyond {Slay+2} (You bought it in a shop in a bazaar)
 45705 | Bazaar   | Bought an uncursed ring of resist corrosion for 280 gold pieces
 45723 | Bazaar   | Bought a spiked chain mail for 152 gold pieces
 45733 | Bazaar   | Identified the +6 chain mail "Daleudor" {Int+3} (You bought it in a shop in a bazaar)
 45933 | D:15     | Reached skill level 9 in Dodging
 46162 | D:15     | Got an encrusted leather armour
 46635 | D:15     | Reached skill level 7 in Evocations
 46963 | D:15     | Found a staircase to the Depths.
 47322 | Lair:1   | Identified the +1 leather armour of Kylolemi {rElec rN+ rCorr Str-2} (You found it on level 15 of the Dungeon)
 47488 | Spider:1 | Entered Level 1 of the Spider Nest
 47635 | Spider:1 | HP: 32/128 [wolf spider (9)]
 48172 | Spider:1 | Reached skill level 10 in Dodging
 48176 | Spider:1 | HP: 31/128 [tarantella (11)]
 48192 | Spider:1 | HP: 32/128 [tarantella (4)]
 48239 | Spider:1 | Reached skill level 8 in Evocations
 50026 | Spider:2 | Noticed Wiglaf
 50049 | Spider:2 | Killed Wiglaf
 50100 | Spider:1 | HP: 37/129 [poisoned by a wolf spider]
 50105 | Spider:1 | HP: 33/129 [poisoned by a wolf spider]
 50110 | Spider:1 | HP: 31/129 [poisoned by a wolf spider]
 50116 | Spider:1 | HP: 30/129 [poisoned by a wolf spider]
 50122 | Spider:1 | HP: 30/129 [poisoned by a wolf spider]
 50130 | Spider:1 | HP: 30/129 [poisoned by a wolf spider]
 50808 | Spider:2 | Received a gift from Okawaru
 50809 | Spider:2 | Got a pair of translucent boots {god gift}
 50820 | Spider:2 | Identified the +0 pair of boots of Kuczeco {Regen+ Str+2 Int+3 Dex-5} (Okawaru gifted it to you on level 2 of the Spider Nest)
 52143 | Spider:1 | Reached skill level 9 in Evocations
 52800 | Spider:3 | HP: 39/130 [poisoned by a redback]
 52805 | Spider:3 | HP: 33/130 [poisoned by a redback]
 52810 | Spider:3 | HP: 28/130 [poisoned by a redback]
 52816 | Spider:3 | HP: 25/130 [poisoned by a redback]
 52821 | Spider:3 | HP: 24/130 [poisoned by a redback]
 52826 | Spider:3 | HP: 23/130 [poisoned by a redback]
 52833 | Spider:3 | HP: 23/130 [poisoned by a redback]
 52841 | Spider:3 | HP: 24/130 [poisoned by a redback]
 53307 | Spider:3 | Reached XP level 18. HP: 123/136 MP: 24/24
 53608 | Spider:3 | Reached skill level 11 in Fighting
 53865 | Spider:3 | Got a smoking shortbow
 53870 | Spider:3 | Identified the +4 shortbow of Pijac {venom, MR- Str+4 Stlth+} (You found it on level 3 of the Spider Nest)
 53879 | Spider:3 | Got a warped chain mail
 54016 | Spider:3 | Reached skill level 13 in Armour
 54856 | Lair:6   | Identified the +4 chain mail of Qazlal's Envy {Int+4} (You found it on level 3 of the Spider Nest)
 55198 | Shoals:1 | Entered Level 1 of the Shoals
 55792 | Shoals:1 | Noticed Frances
 55845 | Shoals:1 | HP: 41/138 [Frances/iron shot (40)]
 55847 | Shoals:1 | Killed Frances
 56204 | Shoals:1 | Reached skill level 10 in Evocations
 56231 | Shoals:1 | Received a gift from Okawaru
 57303 | Shoals:1 | Noticed a kraken
 57714 | Shoals:2 | Noticed Polyphemus
 57837 | Shoals:2 | Noticed Nikola
 57900 | Shoals:2 | HP: 34/139 [Polyphemus (24)]
 57961 | Shoals:2 | HP: 27/139 [Nikola/bolt of lightning (20)]
 58462 | Spider:4 | Entered Level 4 of the Spider Nest
 58655 | Spider:4 | Reached skill level 12 in Fighting
 58979 | Spider:4 | Gained mutation: You have an increased reservoir of magic (+10% MP). [potion of beneficial mutation]
 59056 | Spider:4 | Received a gift from Okawaru
 59057 | Spider:4 | Got a twisted hat {god gift}
 59068 | Spider:4 | Identified the +1 hat of Oseiju Neusch {rF+ Stlth+} (Okawaru gifted it to you on level 4 of the Spider Nest)
 59594 | Spider:4 | Reached skill level 14 in Armour
 60031 | Spider:4 | HP: 27/141 [spark wasp (16)]
 60031 | Spider:4 | HP: 10/141 [spark wasp (17)]
 60823 | Spider:4 | Reached XP level 19. HP: 117/148 MP: 0/29
 60993 | Spider:4 | HP: 44/148 [poisoned by an emperor scorpion]
 60998 | Spider:4 | HP: 33/148 [poisoned by an emperor scorpion]
 61003 | Spider:3 | HP: 25/148 [poisoned by an emperor scorpion]
 61008 | Spider:3 | HP: 20/148 [poisoned by an emperor scorpion]
 61014 | Spider:3 | HP: 17/148 [poisoned by an emperor scorpion]
 61020 | Spider:3 | HP: 15/148 [poisoned by an emperor scorpion]
 61025 | Spider:3 | HP: 14/148 [poisoned by an emperor scorpion]
 61032 | Spider:3 | HP: 15/148 [poisoned by an emperor scorpion]
 61040 | Spider:2 | HP: 16/148 [poisoned by an emperor scorpion]
 61482 | Spider:2 | Reached skill level 13 in Fighting
 61904 | Spider:4 | Received a gift from Okawaru
 61911 | Spider:4 | HP: 44/149 [poisoned by an emperor scorpion]
 61916 | Spider:4 | HP: 42/149 [poisoned by an emperor scorpion]
 61921 | Spider:4 | HP: 41/149 [poisoned by an emperor scorpion]
 61926 | Spider:4 | HP: 40/149 [poisoned by an emperor scorpion]
 61933 | Spider:4 | HP: 41/149 [poisoned by an emperor scorpion]
 61941 | Spider:3 | HP: 42/149 [poisoned by an emperor scorpion]
 62507 | Spider:4 | Reached skill level 15 in Armour
 63079 | Spider:4 | Got a gossamer rune of Zot
 63798 | Vaults:1 | Entered Level 1 of the Vaults
 63925 | Vaults:1 | HP: 45/151 [deep elf archer/arrow (8)]
 63933 | Vaults:1 | HP: 25/151 [deep elf archer/arrow (18)]
 64001 | D:14     | HP: 40/151 [hill giant/giant club (8)]
 64358 | Vaults:1 | Found Leirph's Jewellery Shoppe.
 64710 | Vaults:1 | HP: 43/151 [vault warden/antimagic great sword (30)]
 64715 | Vaults:1 | Reached skill level 14 in Fighting
 64717 | Vaults:1 | HP: 35/152 [deep elf mage/long sword[an ironheart preserver] (4)]
 64723 | Vaults:1 | HP: 25/152 [deep elf mage/bolt of lightning[an ironheart preserver] (1)]
 64726 | Vaults:1 | Killed from afar by a deep elf mage

Vault maps used:
D:1:      erik_arrival_cave_to_civilisation, st_stairs_1,
          corexii_leaking_fountain
D:2:      overflow_temple_1_default, cheibriados_altar_1, okawaru_gym_becter
D:3:      grunt_temple_overflow_cloverleaf, first_bread, grunt_ministairs_7,
          serial_bayou_pond_c
D:4:      kennysheep_mini, small_statue_intersection, uniq_menkaure
D:5:      lemuel_coloured_pillars_altar
D:6:      bloody_trog, xom_butterflies, minmay_temple_entry_statues_pillars,
          serial_undead, serial_undead_c, serial_undead_f, serial_undead_a,
          serial_undead_b, serial_undead_a, serial_undead_a,
          kennysheep_big_empty_room
D:7:      grunt_ogre_cave
D:8:      hangedman_cross_veins
D:9:      lemuel_round_altar, overflow_temple_1_default,
          minmay_lair_entry_grove, serial_shops, nicolae_shop_waterfront,
          uniq_maurice, uniq_erolcha
D:10:     serial_shops, kennysheep_little_box
D:11:     orc_0_dummy
D:12:     serial_glass, glass_columns_c, glass_columns_a, glass_columns_a,
          glass_columns_a, glass_columns_a, enter_trove_3, water_boxes_lemuel
D:13:     nicolae_lava_and_water, st_stairs_12, uniq_snorg, uniq_urug
D:14:     erik_vaults_2, serial_shops, shop, nicolae_shop_trees,
          nicolae_shop_statue_plus, nicolae_shop_statue_plus, shop,
          kennysheep_nondescript, minmay_radiant, uniq_agnes
D:15:     gammafunk_enter_depths_forms, serial_shops, bzr_entry_gold
Temple:   temple_island_7
Lair:1:   basic_altar
Lair:2:   basic_altar
Lair:3:   elwin_shoals_entry_rooms, cheibrodos_lair_reptile_den,
          serial_bayou_shore_b
Lair:4:   lab_entry_generic, infiniplex_staircase_pool, grunt_megastairs_5
Lair:5:   portal_ice_cave_entry_imps, lemuel_fruit_fields
Lair:6:   nicolae_spider_entry_tight_spaces, grunt_megastairs_3
Lair:7:   minivault_11, minmay_hedge_maze, ldierk_geyser,
          small_statue_intersection, uniq_rupert
Lair:8:   minmay_lair_end_frog_pond, slime_dummy, zaba_antful_of_joy, uniq_kirke
Shoals:1: ldierk_geyser, uniq_frances
Shoals:2: uniq_polyphemus, uniq_nikola
Spider:2: uniq_wiglaf
Spider:3: nicolae_spider_mines_1, spider_trap,
          hangedman_spider_tarantella_strand
Spider:4: guppyfry_spider_rune
Orc:1:    serial_shops, nicolae_shop_waterfront, minmay_orc_keep
Orc:2:    st_orc_ogre_mass, uniq_nessos, uniq_azrael
Vaults:1: nicolae_vaults_hallways_thing, ontoclasm_vaults_shuriken,
          v_alt_pattern_6, nicolae_vaults_halls_meeting, hangedman_vaults_trim,
          hangedman_vaults_impose, nicolae_vaults_border_crossing,
          nicolae_vaults_windows_and_doors_thing, serial_shops,
          nicolae_shop_behind_doors
Lab:      labyrinth_spiral, labyrinth_skeletal_remains, nicolae_lab_dead_end,
          nicolae_lab_statue, nicolae_lab_grate, nicolae_lab_grate_2
Bazaar:   bazaar_kb_twisted_cavern

Action                   |  1- 3 |  4- 6 |  7- 9 | 10-12 | 13-15 | 16-18 | 19-21 || total
-------------------------+-------+-------+-------+-------+-------+-------+-------++-------
Melee: Hand axe          |   134 |   159 |    74 |    13 |       |       |       ||   380
       War axe           |       |       |   345 |   818 |   250 |       |       ||  1413
       Battleaxe         |       |       |       |       |  1007 |   278 |   364 ||  1649
       Executioner's axe |       |       |       |       |    73 |  1378 |       ||  1451
       Broad axe         |       |       |       |       |     7 |       |       ||     7
       Shortbow          |       |       |       |       |       |       |     9 ||     9
 Fire: Blowgun           |       |       |    36 |    73 |     5 |       |       ||   114
       Shortbow          |       |       |       |       |   206 |   411 |    59 ||   676
Throw: Stone             |       |     9 |     2 |       |       |       |       ||    11
       Javelin           |       |       |     9 |    16 |     1 |     9 |    23 ||    58
       Tomahawk          |       |       |     8 |    34 |    11 |       |       ||    53
       Throwing net      |       |       |       |     3 |     3 |     3 |       ||     9
Invok: Heroism           |       |       |     1 |    17 |    29 |    34 |     6 ||    87
       Finesse           |       |       |       |       |     1 |     5 |       ||     6
 Abil: Stop Flying       |       |       |       |       |       |     2 |       ||     2
       Evoke Flight      |       |       |       |       |       |     2 |       ||     2
Evoke: Wand              |       |       |       |     3 |     1 |     3 |       ||     7
       Rod               |       |       |       |       |       |     5 |       ||     5
       Sack of spiders   |       |       |       |       |       |     2 |       ||     2
  Use: Scroll            |       |     8 |    10 |    11 |    15 |    13 |       ||    57
       Potion            |       |       |       |     7 |     8 |     5 |       ||    20
 Stab: Sleeping          |     2 |       |       |       |       |       |       ||     2
       Held in net/web   |       |       |       |     2 |     1 |     1 |       ||     4
  Eat: Chunk             |     2 |     7 |    15 |    27 |    56 |    56 |     7 ||   170
       Beef jerky        |       |       |       |     2 |       |       |       ||     2
       Meat ration       |       |       |       |     2 |     1 |       |       ||     3
       Royal jelly       |       |       |       |     1 |       |       |       ||     1
       Fruit             |       |       |       |     1 |       |       |       ||     1
       Bread ration      |       |       |       |       |       |     6 |     1 ||     7
       Pizza             |       |       |       |       |       |     1 |       ||     1

Table legend:
 A = Turns spent in this place as a percentage of turns spent in the entire game.
 B = Non-inter-level travel turns spent in this place as a percentage of non-inter-level travel turns spent in the entire game.
 C = Inter-level travel turns spent in this place as a percentage of turns spent in this place.
 D = Turns resting spent in this place as a percentage of non-inter-level travel turns spent in this place.
 E = Turns spent auto-exploring this place as a percentage of non-inter-level travel turns spent in this place.
 F = Non-inter-level travel turns spent in this place divided by the number of levels of this place that you've seen.
                   A       B       C       D       E      F
               +-------+-------+-------+-------+-------+----------------------
         Total | 100.0 | 100.0 |   0.7 |   3.4 |   3.3 | 582.0
       Dungeon |  38.5 |  38.5 |   0.6 |   2.7 |   5.0 | 522.5
        Temple |   0.1 |   0.1 |   0.0 |   0.0 |   0.0 |  30.0
          Lair |  27.7 |  27.6 |   1.0 |   3.6 |   2.6 | 703.8
        Shoals |   4.4 |   4.4 |   0.2 |   4.3 |   2.6 | 448.5
   Spider Nest |  20.8 |  20.9 |   0.5 |   4.1 |   2.1 | 1062.5
  Orcish Mines |   5.0 |   5.0 |   0.8 |   4.0 |   1.5 | 508.0
        Vaults |   2.0 |   2.0 |   0.0 |   3.5 |   2.0 | 403.0
     Labyrinth |   0.7 |   0.7 |   0.0 |   2.8 |   0.0 | 143.0
        Bazaar |   0.8 |   0.8 |   0.0 |   0.0 |   0.0 | 162.0
               +-------+-------+-------+-------+-------+----------------------

Vault maps used:
D:1:      erik_arrival_cave_to_civilisation, st_stairs_1,
          corexii_leaking_fountain
D:2:      overflow_temple_1_default, cheibriados_altar_1, okawaru_gym_becter
D:3:      grunt_temple_overflow_cloverleaf, first_bread, grunt_ministairs_7,
          serial_bayou_pond_c
D:4:      kennysheep_mini, small_statue_intersection, uniq_menkaure
D:5:      lemuel_coloured_pillars_altar
D:6:      bloody_trog, xom_butterflies, minmay_temple_entry_statues_pillars,
          serial_undead, serial_undead_c, serial_undead_f, serial_undead_a,
          serial_undead_b, serial_undead_a, serial_undead_a,
          kennysheep_big_empty_room
D:7:      grunt_ogre_cave
D:8:      hangedman_cross_veins
D:9:      lemuel_round_altar, overflow_temple_1_default,
          minmay_lair_entry_grove, serial_shops, nicolae_shop_waterfront,
          uniq_maurice, uniq_erolcha
D:10:     serial_shops, kennysheep_little_box
D:11:     orc_0_dummy
D:12:     serial_glass, glass_columns_c, glass_columns_a, glass_columns_a,
          glass_columns_a, glass_columns_a, enter_trove_3, water_boxes_lemuel
D:13:     nicolae_lava_and_water, st_stairs_12, uniq_snorg, uniq_urug
D:14:     erik_vaults_2, serial_shops, shop, nicolae_shop_trees,
          nicolae_shop_statue_plus, nicolae_shop_statue_plus, shop,
          kennysheep_nondescript, minmay_radiant, uniq_agnes
D:15:     gammafunk_enter_depths_forms, serial_shops, bzr_entry_gold
Temple:   temple_island_7
Lair:1:   basic_altar
Lair:2:   basic_altar
Lair:3:   elwin_shoals_entry_rooms, cheibrodos_lair_reptile_den,
          serial_bayou_shore_b
Lair:4:   lab_entry_generic, infiniplex_staircase_pool, grunt_megastairs_5
Lair:5:   portal_ice_cave_entry_imps, lemuel_fruit_fields
Lair:6:   nicolae_spider_entry_tight_spaces, grunt_megastairs_3
Lair:7:   minivault_11, minmay_hedge_maze, ldierk_geyser,
          small_statue_intersection, uniq_rupert
Lair:8:   minmay_lair_end_frog_pond, slime_dummy, zaba_antful_of_joy, uniq_kirke
Shoals:1: ldierk_geyser, uniq_frances
Shoals:2: uniq_polyphemus, uniq_nikola
Spider:2: uniq_wiglaf
Spider:3: nicolae_spider_mines_1, spider_trap,
          hangedman_spider_tarantella_strand
Spider:4: guppyfry_spider_rune
Orc:1:    serial_shops, nicolae_shop_waterfront, minmay_orc_keep
Orc:2:    st_orc_ogre_mass, uniq_nessos, uniq_azrael
Vaults:1: nicolae_vaults_hallways_thing, ontoclasm_vaults_shuriken,
          v_alt_pattern_6, nicolae_vaults_halls_meeting, hangedman_vaults_trim,
          hangedman_vaults_impose, nicolae_vaults_border_crossing,
          nicolae_vaults_windows_and_doors_thing, serial_shops,
          nicolae_shop_behind_doors
Lab:      labyrinth_spiral, labyrinth_skeletal_remains, nicolae_lab_dead_end,
          nicolae_lab_statue, nicolae_lab_grate, nicolae_lab_grate_2
Bazaar:   bazaar_kb_twisted_cavern
